 Seeded DCSS version 0.28-a0-631-g0446da8ef9 (webtiles) character file.

Game seed: 20211010 (custom seed)

2898 a11behringer the Carver (level 10, -3/71 HPs)
             Began as a Formicid Fighter on Oct 10, 2021.
             Was an Elder of Qazlal.
             Slain by an orc warrior (5 damage)
             ... in a bailey.
             The game lasted 00:26:25 (6227 turns).

a11behringer the Carver (Formicid Fighter)          Turns: 6227, Time: 00:26:26

Health: -3/71      AC: 10    Str: 25    XL:     10   Next: 6%
Magic:  3/3        EV: 10    Int:  7    God:    Qazlal [****..]
Gold:   380        SH: 10    Dex: 16    Spells: 9/9 levels left

rFire   . . .      SeeInvis +   g - +5 double sword (antimagic)
rCold   . . .      Faith    .   c - +0 buckler
rNeg    . . .      Spirit   .   b - +0 scale mail
rPois   .          Reflect  .   (helmet unavailable)
rElec   .          Harm     .   u - +0 cloak
rCorr   .          Rampage  .   (no gloves)
Will    +....                   f - +1 pair of boots
Stlth   ..........              (no amulet)
HPRegen 0.21/turn               A - +6 ring of dexterity
MPRegen 0.08/turn               (no ring)

@: repel missiles
A: permanent stasis, dig shafts and tunnels, antennae 3, four strong arms
a: Dig, Renounce Religion, Upheaval, Elemental Force


You were in a bailey.
You worshipped Qazlal.
Qazlal was greatly pleased with you.
You visited 1 branch of the dungeon, and saw 7 of its levels.
You also visited: Bailey.

You collected 380 gold pieces.

Inventory:

Hand Weapons
 a - a +1 long sword
 g - a +5 antimagic double sword (weapon)
 i - a +0 great sword
 s - a +0 hunting sling
Missiles
 r - 91 sling bullets
Armour
 b - a +0 scale mail (worn)
 c - a +0 buckler (worn)
 f - a +1 pair of boots (worn)
 k - a +0 chain mail
 m - a +1 crystal plate armour
 n - a scarf of invisibility
 u - a +0 cloak (worn)
 x - the +1 chain mail of the Doldrums {rElec}
   (You found it on level 4 of the Dungeon)

   rElec:     It insulates you from electricity.
 C - the +1 robe of Gravitas {Int+4 Slay+3 Archmagi}
   (You found it on level 5 of the Dungeon)

   Int:       It affects your intelligence (+4).
   Slay:      It affects your accuracy & damage with ranged weapons and melee
   (+3).
   Archmagi:  It increases the power of your magical spells.
Jewellery
 A - a +6 ring of dexterity (left hand)
Wands
 w - a wand of iceblast (18)
Scrolls
 h - 4 scrolls of teleportation
 j - 4 scrolls of enchant armour
Potions
 d - a potion of might
 e - 6 potions of curing
 l - a potion of flight
 o - a potion of attraction {unknown}
 p - 3 potions of heal wounds {unknown}
 q - a potion of invisibility {unknown}
 t - 2 potions of brilliance
 v - a potion of resistance
 z - a potion of berserk rage {unknown}
 D - a potion of degeneration {unknown}
 E - a potion of lignification {unknown}
Miscellaneous
 y - a lightning rod (4/4)


   Skills:
 - Level 4.0 Fighting
 * Level 12.6 Long Blades
 - Level 4.1 Armour
 - Level 0.3 Dodging
 - Level 4.3 Shields
 * Level 1.7 Invocations


You had 9 spell levels left.
You didn't know any spells.
Your spell library contained the following spells:

 Spells                   Type           Power      Damage    Failure   Level
 Animate Skeleton         Necr           0%         N/A       71%         1
 Pain                     Necr           0%         1d4       71%         1
 Gell's Gravitas          Tloc           0%         N/A       97%         3
 Teleport Other           Tloc           0%         N/A       97%         3
 Tukima's Dance           Hex            0%         N/A       97%         3
 Vampiric Draining        Necr           0%         2d6       97%         3
 Animate Armour           Summ/Erth      0%         N/A       100%        4
 Fulminant Prism          Conj/Hex       0%         3d6       100%        4
 Iskenderun's Mystic Bla  Conj/Tloc      0%         2d3       100%        4
 Passage of Golubria      Tloc           N/A        N/A       100%        4
 Blade Hands              Tmut           0%         N/A       100%        5
 Lee's Rapid Deconstruct  Erth           0%         3d5*      100%        5
 Yara's Violent Unravell  Hex/Tmut       0%         3d3       100%        5
 Dispersal                Tloc           0%         N/A       100%        6
 Iron Shot                Conj/Erth      0%         9d1       100%        6


Dungeon Overview and Level Annotations

Branches:
Dungeon (7/15)             Temple (0/1) D:4          Bailey (1/1)

Altars:
Ashenzari
Cheibriados
Dithmenos
Qazlal

Shops:
D:6 ?

Portals:
Abyss: D:6

Annotations:
D:6 2 transporters, willcat's ghost, amateur HuDe


Innate Abilities, Weirdness & Mutations

You cannot be hasted, slowed, berserked, paralysed or teleported.
You can dig through walls and to a lower floor.
You have a pair of large antennae on your head. (SInv)
Your four strong arms can wield two-handed weapons with a shield.


Message History

a +0 halberd; a +0 scale mail
There is a large open door here.
There is a large open door here.
There is a large open door here.
There is a large open door here.
Things that are here:
a +0 halberd; a +0 scale mail
Okay, then.
The orc warrior shouts!
The orc knight roars a battlecry!
The orc warriors go into a battle-frenzy!
There is an open door here.
Okay, then.
You block the orc knight's attack. You block the orc knight's attack.
The orc warrior hits you from afar with a +0 halberd!
The orc knight closely misses you. You block the orc warrior's attack.
You open the door.
The orc knight hits you from afar with a +0 halberd!
The orc warrior hits you from afar with a +0 halberd!
Found a lightning rod (4/4) and a glowing crystal plate armour.
Found a shiny barding.
There is an open door here.
You see here a +1 crystal plate armour.
m - a +1 crystal plate armour You see here a lightning rod (4/4).
y - a lightning rod (4/4)
You see here a +1 barding of flying.
There are monsters nearby!
The orc warrior no longer looks unusually strong.
There is an open door here.
The orc warrior closely misses you. You block the orc warrior's attack. x2
The orc knight hits you from afar with a +0 halberd!
The orc warrior hits you from afar with a +0 trident! x2
* * * LOW HITPOINT WARNING * * *
The orc knight hits you from afar with a +0 halberd!
* * * LOW HITPOINT WARNING * * *
You block the orc warrior's attack.
The orc warrior hits you from afar with a +0 trident.
You die...

#.≈.#############+###'#########.
#.≈.##{ ##.§.......##.....##)
#.≈..## ##.§§≈§≈≈≈≈..##...##.)
#.≈≈..## #+.§§§§§...≈§..##.##).≈
##.≈≈..# #.§≈≈§.⌠∩⌠..§≈..#'#..≈≈
#∩.≈≈..#+#..§≈§..o...≈§§.#'#..≈≈
#.≈≈..##.##..≈≈○ooo.§≈§.##)##).≈
#.≈).##.$.##..≈≈≈§≈§≈..'#...##..
#.≈)##.$$$.##..@☼..○..##.....##.
#.≈.#############'#############.
#.≈.)........##..§..##..........
#.≈≈≈≈≈≈≈#.#.###..[##..≈≈≈≈≈≈≈≈≈
#..........#...##.##..≈≈........
########.#...≈..###..≈≈..#######
####...##...≈≈.....≈≈..##
##∩..#######..≈≈≈≈≈≈≈..## #∩####
##.........##


You could see an orc knight and 3 orc warriors.

Vanquished Creatures
  An orc knight (Bailey)
  Sigmund (D:2)
  Duvessa (D:4)
  An orc warrior (Bailey)
  A sky beast (D:6)
  3 black bears
  2 necrophages
  2 centaurs
  2 ogres (D:5)
  A phantom (D:6)
  Blork the orc (D:5)
  2 bullfrogs (D:6)
  3 scorpions
  Dowan (D:4)
  A water moccasin skeleton (D:5)
  A centaur zombie (D:6)
  5 hounds
  A jelly (D:5)
  An orc priest (D:6)
  Crazy Yiuf (D:3)
  A bullfrog skeleton (D:7)
  5 iguanas
  A gnoll shaman (D:5)
  A hound skeleton (D:5)
  Robin (D:2)
  5 adders
  6 gnolls
  An adder skeleton (D:5)
  2 worms (D:3)
  5 dart slugs
  25 orcs
  3 bats
  An endoplasm (D:1)
  3 giant cockroaches
  10 hobgoblins
  3 jackals (D:3)
  4 kobolds
  3 ball pythons
  2 frilled lizards
  15 goblins
  A quokka skeleton (D:4)
  2 rats (D:1)
132 creatures vanquished.

Vanquished Creatures (others)
  3 fungi (D:3)
3 creatures vanquished.

Grand Total: 135 creatures vanquished

Notes
Turn   | Place    | Note
-------+----------+-------------------------------------------
     0 | D:1      | a11behringer the Formicid Fighter began the quest for the
                  | Orb.
     0 | D:1      | Reached XP level 1. HP: 18/18 MP: 1/1
   244 | D:1      | Reached XP level 2. HP: 24/24 MP: 2/2
   635 | D:1      | Found a faded altar of an unknown god.
   908 | D:1      | Became a worshipper of Qazlal Stormbringer
   908 | D:1      | Reached * piety under Qazlal
  1014 | D:2      | Reached XP level 3. HP: 25/29 MP: 3/3
  1040 | D:2      | Reached skill level 3 in Long Blades
  1315 | D:2      | Noticed Sigmund
  1320 | D:2      | Killed Sigmund
  1321 | D:2      | Reached skill level 4 in Long Blades
  1321 | D:2      | Reached XP level 4. HP: 37/37 MP: 4/4
  1321 | D:2      | Reached XP level 5. HP: 42/42 MP: 5/5
  1321 | D:2      | Reached XP level 6. HP: 48/48 MP: 6/6
  1358 | D:2      | Noticed Robin
  1372 | D:2      | Killed Robin
  1389 | D:2      | Reached ** piety under Qazlal
  1444 | D:2      | Found a shadowy altar of Dithmenos.
  1912 | D:3      | Reached skill level 5 in Long Blades
  1936 | D:3      | Identified a scroll of acquirement
  1936 | D:3      | Acquired a +4 antimagic double sword
  2004 | D:3      | Found a snail-covered altar of Cheibriados.
  2166 | D:3      | Found a broken altar of Ashenzari.
  2373 | D:3      | Found a runed translucent door.
  2374 | D:3      | Noticed Crazy Yiuf
  2380 | D:3      | Killed Crazy Yiuf
  2597 | D:4      | Identified the +5 mace of the Head {drain, rElec rF-
                  | Int+10}
  2627 | D:4      | Noticed Duvessa
  2628 | D:4      | Noticed Dowan
  2635 | D:4      | Killed Duvessa
  2636 | D:4      | Reached skill level 6 in Long Blades
  2636 | D:4      | Reached XP level 7. HP: 35/54 MP: 2/7
  2639 | D:4      | Killed Dowan
  2639 | D:4      | Reached *** piety under Qazlal
  2642 | D:4      | Identified the +1 chain mail of the Doldrums {rElec}
  2821 | D:4      | Reached skill level 7 in Long Blades
  3446 | D:4      | Found a staircase to the Ecumenical Temple.
  3508 | D:5      | Entered Level 5 of the Dungeon
  3526 | D:5      | Reached XP level 8. HP: 60/60 MP: 2/8
  3678 | D:5      | Reached skill level 8 in Long Blades
  3930 | D:5      | Identified the +1 robe of Gravitas {Int+4 Slay+3 Archmagi}
  3960 | D:5      | Reached skill level 9 in Long Blades
  4416 | D:5      | Noticed Blork the orc
  4425 | D:5      | Killed Blork the orc
  4550 | D:5      | Reached XP level 9. HP: 65/65 MP: 3/9
  4736 | D:6      | Found Omegur's Magic Scroll Shop.
  4761 | D:6      | Reached skill level 10 in Long Blades
  4868 | D:6      | Reached skill level 11 in Long Blades
  4953 | D:6      | Found a transporter.
  4955 | D:6      | Found a transporter.
  4961 | D:6      | Found a one-way gate to the infinite horrors of the Abyss.
  4961 | D:6      | Noticed willcat's ghost (amateur HuDe)
  5030 | D:6      | Reached **** piety under Qazlal
  5179 | D:6      | Noticed a thrashing horror
  5665 | D:7      | Found a flagged portal.
  5695 | Bailey   | Entered a bailey
  5751 | Bailey   | Reached skill level 12 in Long Blades
  5781 | Bailey   | Noticed an orc knight
  5892 | Bailey   | Noticed an orc knight
  5914 | Bailey   | Killed an orc knight
  5915 | Bailey   | Reached skill level 1 in Invocations
  5915 | Bailey   | Reached XP level 10. HP: 15/71 MP: 3/11
  6226 | Bailey   | HP: 2/71 [orc knight (16)]
  6227 | Bailey   | Slain by an orc warrior

Illustrated notes

Levels and vault maps discovered:
D:1:      lightli_arrival_boilingwater, layout_loops_ring,
          shapermc_ecumenical_altar_hornbeckon
D:2:      layout_rooms, basic_altar, uniq_robin, uniq_sigmund
D:3:      layout_rooms, marbit_many_paths, cheibrodos_worm_habitat,
          uniq_crazy_yiuf_cottage
D:4:      layout_layer_cave, minmay_temple_entry_trees, nrook_mini_backslash,
          uniq_duvessa
D:5:      layout_loops_ring, kennysheep_generic_room_16, uniq_blork_the_orc
D:6:      layout_basic, serial_shops, shop, gammafunk_ghost_abyssal_escape
D:7:      layout_gridville, lemuel_round_altar, enter_bailey_2
Bailey:   bailey_polearm_1, bailey

Skill      XL: |  1  2  3  4  5  6  7  8  9 |
---------------+----------------------------+-----
Long Blades    | 4 6 7 9 12 | 12.6
Armour         | 4 |  4.1
Shields        | 4 |  4.3
Fighting       | 4 |  4.0
Invocations    | 1 |  1.7
Dodging        | |  0.3

Action                   |  1- 3 |  4- 6 |  7- 9 | 10-12 || total
-------------------------+-------+-------+-------+-------++-------
Melee: Long sword        |    71 |    81 |       |       ||   152
       Double sword      |       |    36 |   178 |       ||   214
 Abil: Dig               |       |     1 |     2 |       ||     3
  Use: Scroll            |       |     7 |     5 |       ||    12
       Potion            |       |       |     1 |       ||     1
Armor: Scale mail        |    26 |    56 |    46 |       ||   128
Dodge: Dodged            |    36 |    57 |    81 |     2 ||   176
Block: Buckler           |    23 |    44 |    88 |     6 ||   161

Table legend: (Time is in decaauts)
 A = Elapsed time spent in this place.
 B = Non-inter-level travel time spent in this place.
 C = Inter-level travel time spent in this place.
 D = Time resting spent in this place.
 E = Time spent auto-exploring this place.
 F = Levels seen in this place.
 G = Mean time per level.
                   A        B        C        D        E       F      G
               +--------+--------+--------+--------+--------+-----+--------+
         Total |   6307 |   5122 |   1185 |      0 |   4015 |   8 |  788.4 |
       Dungeon |   5775 |   4590 |   1185 |      0 |   3685 |   7 |  825.0 |
        Bailey |    531 |    531 |      0 |      0 |    330 |   1 |  531.0 |
               +--------+--------+--------+--------+--------+-----+--------+

Top non-repeatable levels by time:
     D:5: 1230 daAuts
     D:1: 983 daAuts
     D:4: 981 daAuts
     D:3: 867 daAuts
     D:6: 848 daAuts
     D:2: 753 daAuts
  Bailey: 531 daAuts
     D:7: 111 daAuts
